 Dungeon Crawl Stone Soup version 0.30-b1-2-g02819fbbbe (webtiles) character file.

Game seed: 12998829609632164953

56 MisterFreud the Ducker (level 3, -2/17 HPs)
             Began as a Felid Berserker on June 28, 2023.
             Was a Follower of Trog.
             Slain by a worm (11 damage)
             ... on level 2 of the Dungeon.
             The game lasted 00:01:10 (824 turns).

MisterFreud the Ducker (Felid Berserker)             Turns: 824, Time: 00:01:11

Health: -2/17      AC:  1    Str: 13    XL:     3   Next: 71%
Magic:  4/4        EV: 18    Int:  8    God:    Trog [*.....]
Gold:   37         SH:  0    Dex: 17    Spells: 2/2 levels left
                                        Lives:  0   Deaths: 0

rFire   . .          .
                       - Unarmed
rCold   . . .        (shield unavailable)
rNeg    . . .        (body armour unavailable)
rPois   .            (helmet unavailable)
rElec   .            (cloak unavailable)
rCorr   .            (gloves unavailable)
SInv    +            (boots unavailable)
Will    .....        (no amulet)
Stlth   +++          (no ring)
HPRegen 0.22/turn    (no ring)
MPRegen 0.09/turn

%: no passive effects
@: quick
A: very small, claws 1, fangs 3, see invisible, speed 1, shaggy fur 1, stealthy
paws, no weapons or thrown items, no armour, multi-lived
a: Renounce Religion, Berserk


You were on level 2 of the Dungeon.
You worshipped Trog.
Trog was aware of your devotion.
You visited 1 branch of the dungeon, and saw 2 of its levels.

You collected 37 gold pieces.

Inventory:

Scrolls
 a - a scroll of fear
Potions
 b - a potion of cancellation {unknown}
 d - a potion of degeneration {unknown}
 e - 2 potions of attraction
 h - a potion of curing {unknown}
 j - a potion of might {unknown}
 k - a potion of flight {unknown}


   Skills:
 - Level 3.0 Fighting
 - Level 4.0 Dodging
 + Level 3.4 Stealth
 + Level 3.9 Unarmed Combat


You had 2 spell levels left.
You didn't know any spells.
Your spell library was empty.

Dungeon Overview and Level Annotations

Branches:
Dungeon (2/15)

Altars:


Innate Abilities, Weirdness & Mutations

You have sharp claws.
You have razor-sharp teeth.
You have supernaturally acute eyesight. (SInv)
You cover ground quickly. (Speed+)
You are covered in fur. (AC +1)
Your paws help you pounce on unaware monsters.
You are incapable of wielding weapons or throwing items.
You cannot wear armour.
You gain extra lives every three experience levels.


Message History

You enter the shallow water.
Moving in this stuff is going to be slow.
As you open the door, it creaks loudly!
An endoplasm comes into view.
The endoplasm quivers.
There is an open door here.
An endoplasm is nearby!
An endoplasm is nearby!
An endoplasm is nearby!
You scratch the endoplasm.
The endoplasm is almost dead.
The endoplasm closely misses you.
An endoplasm is nearby!
You scratch the endoplasm.
You kill the endoplasm!
Trog accepts your kill.
You enter the shallow water.
Moving in this stuff is going to be slow.
A worm comes into view.
You enter the shallow water.
Moving in this stuff is going to be slow.
A worm is nearby!
No reachable target in view!
A worm is nearby!
No reachable target in view!
No reachable target in view!
A hobgoblin comes into view.
The hobgoblin shouts!
You claw the worm! x2
The worm is severely wounded.
You scratch the worm.
The worm is almost dead.
The worm bites you!
You barely miss the worm.
The worm is almost dead.
You scratch the worm but do no damage.
The worm is almost dead.
The worm bites you!
Ouch! That really hurt!
You die...

~~~~~~♣..♣P##
.........P~P#
~~~P~~~.~P~~♣#.#
~~~P~~~.~~~~~♣.#
~~~~~g~~~~~~♣#
♣~~~.~≈≈≈P~~♣
♣~~w≈≈≈~~~~~
♣~~@~≈≈≈~~P♣
♣♣P~.~≈≈~≈~P♣
♣~~~.~≈~~~♣♣
♣♣♣♣~≈≈.~~P~P♣
♣~~≈~~~.P~~~♣♣
##~~~≈≈≈~.~~~~♣
#~♣~~P≈~~.~~~♣♣
♣P~~~~~≈≈.~PP~#
#P~~~~~~~(~~♣##


You could see a worm and a hobgoblin.

Vanquished Creatures
  Terence (D:2)
  An adder (D:2)
  A dart slug (D:1)
  3 endoplasms
  A giant cockroach (D:1)
  A goblin (D:2)
  2 hobgoblins
  2 kobolds
  2 quokkas (D:1)
  3 bats
  A frilled lizard (D:1)
  3 rats (D:1)
21 creatures vanquished.

Vanquished Creatures (others)
  3 plants (D:2)
3 creatures vanquished.

Grand Total: 24 creatures vanquished

Notes
Turn   | Place    | Note
-------+----------+-------------------------------------------
     0 | D:1      | MisterFreud the Felid Berserker began the quest for the
                  | Orb.
     0 | D:1      | Reached XP level 1. HP: 10/10 MP: 2/2
    95 | D:1      | Reached skill level 1 in Stealth
   158 | D:1      | Reached XP level 2. HP: 12/14 MP: 3/3
   713 | D:2      | Noticed Terence
   720 | D:2      | Killed Terence
   721 | D:2      | Reached XP level 3. HP: 8/17 MP: 4/4
   824 | D:2      | Slain by a worm

Illustrated notes

Levels and vault maps discovered:
D:1:      lightli_molten_gateway, layout_basic
D:2:      layout_basic, serial_bayou_lagoon_b, uniq_terence, uniq_sigmund,
          uniq_jessica

Skill      XL: |  1  2 |
---------------+-------+-----
Stealth        | 1 3 |  3.4
Fighting       | |  3.0
Dodging        | |  4.0
Unarmed Combat | |  3.9

Action                     || total
---------------------------++-------
  Melee: Unarmed           ||    65
         Bite              ||     5
         Punch             ||     4
 Invoke: Berserk           ||     2
    Use: Scroll            ||     5
   Stab: Sleeping          ||     1
         Distracted        ||     1
 Armour: Skin              ||     2
  Dodge: Dodged            ||    43
